3AA
VIRGINIA BEACH DEUCES @ SAN BERNARDINO GRASSHOPPERS
07/31/2024
 
TOP OF THE 1ST
Virginia Beach Deuces batting - Pitching for San Bernardino Grasshoppers : RHP Luis Hernández
Pitching: RHP Luis Hernández
Batting: RHB Robert Emmet Odlum 0-0: Ball
1-0: Ball
2-0: Ball
3-0: Base on Balls
Batting: RHB Peter Baker 0-0: Ball
1-0: Ball
2-0: Ball
3-0: Base on Balls
Robert Emmet Odlum to second
Batting: SHB Esteban Márquez 0-0: Called Strike
0-1: Ball
1-1: Fly out, F6 (Popup, 6)
Batting: RHB Luis Jelarde 0-0: Ball
1-0: Swinging Strike
1-1: Ball
2-1: Ball
3-1: Base on Balls
Robert Emmet Odlum to third
Peter Baker to second
Batting: RHB José Ramírez 0-0: Ball
1-0: Swinging Strike
1-1: Ball
Reached via error on a dropped throw, E6
Robert Emmet Odlum scores
Peter Baker to third
Luis Jelarde to second
Batting: RHB Wilson Pérez 0-0: Called Strike
0-1: Ball
1-1: Ball
2-1: Swinging Strike
2-2: Strikes out swinging
Batting: RHB António Acosta 0-0: Swinging Strike
0-1: Ball
1-1: Ball
2-1: Ground out 6-3 (Groundball, 6)
Top of the 1st over - 1 run(s), 0 hit(s), 1 error(s), 3 left on base; Virginia Beach 1 - San Bernardino 0
BOTTOM OF THE 1ST
San Bernardino Grasshoppers batting - Pitching for Virginia Beach Deuces : RHP Mark Bell
Pitching: RHP Mark Bell
Batting: RHB Steve Jones 0-0: Ball
1-0: TRIPLE (Flyball, 89XD)
Batting: LHB Natale Langushi 0-0: Called Strike
0-1: Fly out, F7 (Flyball, 78M)
Runner from 3rd tags up, SCORES, no throw
Batting: RHB Pedro Álvarez 0-0: Ball
1-0: Called Strike
1-1: Ball
2-1: Fly out, F8 (Flyball, 8RS)
Batting: RHB Roberto Ruíz 0-0: Ball
1-0: Called Strike
1-1: Ball
2-1: Foul Ball, location: 2F
2-2: Foul Ball, location: 2F
2-2: Ball
3-2: Base on Balls
Batting: RHB Jay Kidd 0-0: Fly out, F3 (Popup, 3SF)
Bottom of the 1st over - 1 run(s), 1 hit(s), 0 error(s), 1 left on base; Virginia Beach 1 - San Bernardino 1
TOP OF THE 2ND
Virginia Beach Deuces batting - Pitching for San Bernardino Grasshoppers : RHP Luis Hernández
Batting: RHB Zander Bailey 0-0: Ball
1-0: Foul Ball, location: 2F
1-1: Called Strike
1-2: Strikes out swinging
Batting: SHB Carlos Pérez 0-0: Ball
1-0: Ball
2-0: Ball
3-0: Base on Balls
Batting: RHB Robert Emmet Odlum 0-0: Called Strike
0-1: Called Strike
0-2: Strikes out looking
Batting: RHB Peter Baker 0-0: Called Strike
0-1: Ball
1-1: Called Strike
1-2: Foul Ball, location: 2F
1-2: Foul Ball, location: 2F
1-2: Strikes out swinging
Top of the 2nd over - 0 run(s), 0 hit(s), 0 error(s), 1 left on base; Virginia Beach 1 - San Bernardino 1
BOTTOM OF THE 2ND
San Bernardino Grasshoppers batting - Pitching for Virginia Beach Deuces : RHP Mark Bell
Batting: RHB Manuel Rivera 0-0: Ball
1-0: Ball
2-0: Called Strike
2-1: Fly out, F1 (Popup, 25)
Batting: RHB Jerrel Woestenberg 0-0: Ground out 5-3 (Groundball, 56S)
Batting: SHB Noel King 0-0: Ball
1-0: Swinging Strike
1-1: Ball
2-1: Foul Ball, location: 2F
2-2: SINGLE (Flyball, 6MD)
Batting: RHB Arnold Giroux 0-0: SINGLE (Flyball, 8LS)
Noel King to second
Batting: RHB Steve Jones 0-0: Foul Ball, location: 2F
0-1: Ball
1-1: Called Strike
1-2: Strikes out swinging
Bottom of the 2nd over - 0 run(s), 2 hit(s), 0 error(s), 2 left on base; Virginia Beach 1 - San Bernardino 1
TOP OF THE 3RD
Virginia Beach Deuces batting - Pitching for San Bernardino Grasshoppers : RHP Luis Hernández
Batting: SHB Esteban Márquez 0-0: Called Strike
0-1: Called Strike
0-2: Strikes out swinging
Batting: RHB Luis Jelarde 0-0: Ball
1-0: Called Strike
1-1: Ball
2-1: Foul Ball, location: 2F
2-2: Strikes out looking
Batting: RHB José Ramírez 0-0: Fly out, F8 (Flyball, 78M)
Top of the 3rd over - 0 run(s), 0 hit(s), 0 error(s), 0 left on base; Virginia Beach 1 - San Bernardino 1
BOTTOM OF THE 3RD
San Bernardino Grasshoppers batting - Pitching for Virginia Beach Deuces : RHP Mark Bell
Batting: LHB Natale Langushi 0-0: Ball
1-0: Ball
2-0: Called Strike
2-1: Ball
3-1: Base on Balls
Batting: RHB Pedro Álvarez 0-0: Ball
1-0: Called Strike
1-1: Swinging Strike
1-2: Foul Ball, location: 2F
1-2: Ball
2-2: Fly out, F4 (Popup, 4)
Batting: RHB Roberto Ruíz 0-0: Called Strike
0-1: Swinging Strike
0-2: Ball
1-2: Strikes out looking
Batting: RHB Jay Kidd 0-0: Ball
1-0: Called Strike
1-1: Ground out 4-3 (Groundball, 34)
Bottom of the 3rd over - 0 run(s), 0 hit(s), 0 error(s), 1 left on base; Virginia Beach 1 - San Bernardino 1
TOP OF THE 4TH
Virginia Beach Deuces batting - Pitching for San Bernardino Grasshoppers : RHP Luis Hernández
Batting: RHB Wilson Pérez 0-0: Ball
1-0: Foul Ball, location: 2F
1-1: Foul Ball, location: 2F
1-2: Foul Ball, location: 2F
1-2: Foul Ball, location: 2F
1-2: Ball
2-2: Foul Ball, location: 2F
2-2: Foul Ball, location: 2F
2-2: Ground out 6-3 (Groundball, 6)
Batting: RHB António Acosta 0-0: Foul Ball, location: 2F
0-1: Fly out, F7 (Line Drive, 78M)
Batting: RHB Zander Bailey 0-0: Foul Ball, location: 2F
0-1: SINGLE (Line Drive, 4MD)
Batting: SHB Carlos Pérez 0-0: Ball
1-0: Ball
2-0: Ball
3-0: Called Strike
3-1: SINGLE (Line Drive, 6D)
Zander Bailey to second
Batting: RHB Robert Emmet Odlum 0-0: Ball
1-0: Called Strike
1-1: Ball
2-1: Foul Ball, location: 2F
2-2: Ball
3-2: Base on Balls
Zander Bailey to third
Carlos Pérez to second
Batting: RHB Peter Baker 0-0: Called Strike
0-1: Ball
1-1: Swinging Strike
1-2: Foul Ball, location: 2F
1-2: Strikes out swinging
Top of the 4th over - 0 run(s), 2 hit(s), 0 error(s), 3 left on base; Virginia Beach 1 - San Bernardino 1
BOTTOM OF THE 4TH
San Bernardino Grasshoppers batting - Pitching for Virginia Beach Deuces : RHP Mark Bell
Batting: RHB Manuel Rivera 0-0: SINGLE (Line Drive, 89S)
Batting: RHB Jerrel Woestenberg 0-0: Called Strike
0-1: Ball
1-1: Foul Ball, location: 2F
1-2: Strikes out swinging
Batting: SHB Noel King 0-0: Foul Ball, location: 2F
0-1: Ball
1-1: Swinging Strike
1-2: Foul Ball, location: 2F
1-2: Fly out, F7 (Flyball, 7M)
Batting: RHB Arnold Giroux 0-0: Swinging Strike
0-1: Fielders Choice at 2nd, U6 (Groundball, 6M)
Bottom of the 4th over - 0 run(s), 1 hit(s), 0 error(s), 1 left on base; Virginia Beach 1 - San Bernardino 1
TOP OF THE 5TH
Virginia Beach Deuces batting - Pitching for San Bernardino Grasshoppers : RHP Luis Hernández
Batting: SHB Esteban Márquez 0-0: Ball
1-0: Ground out 4-3 (Groundball, 34)
Batting: RHB Luis Jelarde 0-0: Ball
1-0: Called Strike
1-1: Ball
2-1: SINGLE (Popup, 4MD)
Batting: RHB José Ramírez 0-0: Ball
1-0: Ball
2-0: Ball
3-0: Fly out, F9 (Flyball, 9M)
Batting: RHB Wilson Pérez 0-0: Called Strike
0-1: Foul Ball, location: 2F
0-2: Foul Ball, location: 2F
0-2: Strikes out looking
Top of the 5th over - 0 run(s), 1 hit(s), 0 error(s), 1 left on base; Virginia Beach 1 - San Bernardino 1
BOTTOM OF THE 5TH
San Bernardino Grasshoppers batting - Pitching for Virginia Beach Deuces : RHP Mark Bell
Batting: RHB Steve Jones 0-0: Called Strike
0-1: Ball
1-1: Foul Ball, location: 2F
1-2: Ball
2-2: Ball
3-2: Base on Balls
Batting: LHB Natale Langushi 0-0: Ball
1-0: Foul Ball, location: 2F
1-1: Ball
Steve Jones is caught stealing 2nd base
2-1: Called Strike
2-2: Foul Ball, location: 2F
2-2: Ball
3-2: Foul Ball, location: 2F
3-2: Ground out 6-3 (Groundball, 6M)
Batting: RHB Pedro Álvarez 0-0: Ball
1-0: SOLO HOME RUN (Flyball, 7D), Distance : 396 ft
Batting: RHB Roberto Ruíz 0-0: Ball
1-0: Swinging Strike
1-1: Ball
2-1: Foul Ball, location: 2F
2-2: Foul Ball, location: 2F
2-2: Ball
3-2: Base on Balls
Batting: RHB Jay Kidd 0-0: Called Strike
0-1: Foul Ball, location: 2F
0-2: Fly out, F4 (Popup, 4MD)
Bottom of the 5th over - 1 run(s), 1 hit(s), 0 error(s), 1 left on base; Virginia Beach 1 - San Bernardino 2
TOP OF THE 6TH
Virginia Beach Deuces batting - Pitching for San Bernardino Grasshoppers : RHP Luis Hernández
Pitching: RHP Ken Snyder
Batting: RHB António Acosta 0-0: Ball
1-0: Fly out, F7 (Flyball, 78M)
Batting: RHB Zander Bailey 0-0: Ball
1-0: Called Strike
1-1: Ground out 6-3 (Groundball, 6)
Batting: SHB Carlos Pérez 0-0: Called Strike
0-1: Called Strike
0-2: Foul Ball, location: 2F
0-2: Ball
1-2: Strikes out looking
Top of the 6th over - 0 run(s), 0 hit(s), 0 error(s), 0 left on base; Virginia Beach 1 - San Bernardino 2
BOTTOM OF THE 6TH
San Bernardino Grasshoppers batting - Pitching for Virginia Beach Deuces : RHP Mark Bell
Batting: RHB Manuel Rivera 0-0: Foul Ball, location: 2F
0-1: Foul Ball, location: 2F
0-2: Ground out 6-3 (Groundball, 6)
Batting: RHB Jerrel Woestenberg 0-0: Ball
1-0: Ball
2-0: Swinging Strike
2-1: Called Strike
2-2: Strikes out looking
Batting: SHB Noel King 0-0: Called Strike
0-1: Called Strike
0-2: Ball
1-2: Foul Ball, location: 2F
1-2: Strikes out swinging
Bottom of the 6th over - 0 run(s), 0 hit(s), 0 error(s), 0 left on base; Virginia Beach 1 - San Bernardino 2
TOP OF THE 7TH
Virginia Beach Deuces batting - Pitching for San Bernardino Grasshoppers : RHP Ken Snyder
Batting: RHB Robert Emmet Odlum 0-0: Ball
1-0: Ball
2-0: Fly out, F9 (Flyball, 9S)
Batting: RHB Peter Baker 0-0: Ball
1-0: Ball
2-0: Called Strike
2-1: Ball
3-1: Fly out, F7 (Flyball, 7LM)
Batting: SHB Esteban Márquez 0-0: Foul Ball, location: 2F
0-1: Called Strike
0-2: Ball
1-2: Ground out 4-3 (Groundball, 4)
Top of the 7th over - 0 run(s), 0 hit(s), 0 error(s), 0 left on base; Virginia Beach 1 - San Bernardino 2
BOTTOM OF THE 7TH
San Bernardino Grasshoppers batting - Pitching for Virginia Beach Deuces : RHP Mark Bell
Batting: RHB Arnold Giroux 0-0: Called Strike
0-1: Foul Ball, location: 2F
0-2: Ball
1-2: Strikes out swinging
Batting: RHB Steve Jones 0-0: Ball
1-0: Ball
2-0: Ball
3-0: Called Strike
3-1: Base on Balls
Pitching: RHP Brent Riley
Batting: LHB Natale Langushi 0-0: Ball
1-0: Ball
2-0: Called Strike
2-1: Grounds into double play, 6-4-3 (Groundball, 6)
Bottom of the 7th over - 0 run(s), 0 hit(s), 0 error(s), 0 left on base; Virginia Beach 1 - San Bernardino 2
TOP OF THE 8TH
Virginia Beach Deuces batting - Pitching for San Bernardino Grasshoppers : RHP Ken Snyder
Pitching: RHP Steven Jones
Batting: RHB Luis Jelarde 0-0: Fly out, F7 (Line Drive, 78M)
Now in LF: Kelly Harris
Batting: RHB José Ramírez 0-0: Called Strike
0-1: SINGLE (Line Drive, 6M)
Pinch Hitting: RHB Lorenzo Ramírez 0-0: Called Strike
0-1: Ball
1-1: Foul Ball, location: 2F
1-2: Ball
2-2: Strikes out looking
Batting: RHB António Acosta 0-0: Called Strike
0-1: Called Strike
0-2: Ground out 4-3 (Groundball, 4)
Top of the 8th over - 0 run(s), 1 hit(s), 0 error(s), 1 left on base; Virginia Beach 1 - San Bernardino 2
BOTTOM OF THE 8TH
San Bernardino Grasshoppers batting - Pitching for Virginia Beach Deuces : RHP Brent Riley
Now in LF: Jim Unknown
Batting: RHB Pedro Álvarez 0-0: Ball
1-0: Ball
2-0: Ball
3-0: Base on Balls
Pinch Hitting: RHB José Paz 0-0: Ball
1-0: Ball
2-0: Ball
3-0: Called Strike
3-1: Base on Balls
Pedro Álvarez to second
Pinch Hitting: RHB Brandon Cole 0-0: Grounds into double play, 5-4-3 (Groundball, 56)
Pedro Álvarez to third
Batting: RHB Manuel Rivera 0-0: Called Strike
0-1: Ball
1-1: Called Strike
1-2: Ball
2-2: Ball
3-2: Foul Ball, location: 2F
3-2: Ground out 5-3 (Groundball, 56)
Bottom of the 8th over - 0 run(s), 0 hit(s), 0 error(s), 1 left on base; Virginia Beach 1 - San Bernardino 2
TOP OF THE 9TH
Virginia Beach Deuces batting - Pitching for San Bernardino Grasshoppers : RHP Steven Jones
Pitching: RHP Manny Hernández
Now at 2B: José Paz
Now at 3B: Brandon Cole
Pinch Hitting: RHB Armando García 0-0: Foul Ball, location: 2F
0-1: Reached on error, E5 (Groundball, 5)
Batting: SHB Carlos Pérez 0-0: Sac Bunt - play at first, batter OUT! 5-4
Armando García to second
Pinch Hitting: RHB Jim Unknown 0-0: Foul Ball, location: 2F
0-1: Ball
1-1: Fly out, F8 (Flyball, 78XD)
Runner from 2nd tags up, SAFE at 3rd, no throw
Batting: RHB Peter Baker 0-0: Ball
1-0: Ball
2-0: Called Strike
2-1: Foul Ball, location: 2F
2-2: Ball
3-2: Strikes out swinging
Top of the 9th over - 0 run(s), 0 hit(s), 1 error(s), 1 left on base; Virginia Beach 1 - San Bernardino 2
This league is powered by Out of the Park Baseball, the baseball management simulation game for PC, Mac and Linux
Monday, October 3rd, 2016 - OOTP Baseball 16.9 Build 39